 Dungeon Crawl Stone Soup version 0.30-a0-1160-g6e42c06551 (webtiles) character file.

Game seed: 5508212352010033438

53 ketsa the Grasshopper (level 3, 0/27 HPs)
             Began as a Demonspawn Warper on Apr 26, 2023.
             Succumbed to Terence's poison
             ... on level 3 of the Dungeon.
             The game lasted 00:06:13 (2383 turns).

ketsa the Grasshopper (Demonspawn Warper)           Turns: 2383, Time: 00:06:14

Health: 0/27       AC:  3    Str: 11    XL:     3   Next: 62%
Magic:  6/6        EV: 11    Int: 14    God:
Gold:   92         SH:  0    Dex: 14    Spells: 6/6 levels left

rFire   . . .        a - +0 falchion
rCold   . . .        (no shield)
rNeg    . . .        b - +0 leather armour
rPois   .            (no helmet)
rElec   .            (no cloak)
rCorr   .            (no gloves)
SInv    .            (no boots)
Will    .....        (no amulet)
Stlth   +            (no ring)
HPRegen 0.00/turn    (no ring)
MPRegen 0.10/turn

%: no passive effects
@: lethally poisoned (0 -> -20), inhibited regen
A: ignite blood 1, inhibited regeneration
a: no special abilities


You were on level 3 of the Dungeon.
You visited 1 branch of the dungeon, and saw 3 of its levels.

You collected 92 gold pieces.

Inventory:

Hand Weapons
 a - a +0 falchion (weapon)
 m - a +0 dagger
Missiles
 d - 6 boomerangs of dispersal
 f - an atropa-tipped dart (quivered)
 n - 6 poisoned darts
 v - 5 stones
Armour
 b - a +0 leather armour (worn)
 t - a +0 tower shield
 y - a +2 tower shield
 z - a +0 helmet
Magical Staves
 p - a staff of earth
Wands
 o - a wand of roots (15)
 s - a wand of digging (7)
Scrolls
 c - 4 scrolls of blinking
 e - a scroll of magic mapping
 h - a scroll of identify {unknown}
 i - a scroll of enchant armour {unknown}
 k - a scroll of immolation
 l - a scroll of teleportation
 q - a scroll of vulnerability {unknown}
 u - a scroll of poison {unknown}
Potions
 g - 2 potions of heal wounds {unknown}
 j - 2 potions of mutation
 r - 2 potions of haste {unknown}
 w - a potion of curing {unknown}
 x - a potion of ambrosia {unknown}


   Skills:
 - Level 2.0 Fighting
 * Level 3.2 Long Blades
 - Level 0.8 Throwing
 - Level 0.8 Armour
 - Level 1.7 Dodging
 - Level 2.0 Spellcasting
 + Level 3.2 Translocations


You had 6 spell levels left.
You didn't know any spells.
Your spell library contained the following spells:

 Spells                   Type           Power      Damage    Failure   Level
 Blink                    Tloc           20%        N/A       12%         2
 Lesser Beckoning         Tloc           20%        N/A       12%         2
 Teleport Other           Tloc           10%        N/A       24%         3
 Magic Dart               Conj           4%         1d3       30%         1
 Searing Ray              Conj           2%         2d4       43%         2
 Vhi's Electric Charge    Tloc/Air       10%        N/A       43%         3
 Manifold Assault         Tloc           10%        N/A       63%         4
 Inner Flame              Hex/Fire       1%         N/A       67%         3
 Fulminant Prism          Conj/Hex       0%         3d5       97%         4
 Yara's Violent Unravell  Hex/Tmut       0%         3d3       100%        5
 Enfeeble                 Hex            0%         N/A       100%        7


Dungeon Overview and Level Annotations

Branches:
Dungeon (3/15)

Altars:

Annotations:
D:3 Terence


Innate Abilities, Weirdness & Mutations

Your demonic aura sometimes causes spilled blood to erupt in flames.
You do not regenerate when monsters are visible.


Message History

You feel sick.
You are no longer poisoned.
You start resting.
HP restored.
You see here an adder corpse.
Terence the Incautious comes into view.
He is wielding a +4 short sword of venom and wearing a +4 chain mail of cold resistance.
Terence shouts!
Throw: 3 darts (atropa)
Press: ? - help, Q - select action, (/) - cycle Shift-Dir - straight line, f - Terence
Aim: Terence, wielding a +4 short sword of venom and wearing a +4 chain mail of cold resistance (67% to hit, chance to blind on hit: 100%)
You throw an atropa-tipped dart. The atropa-tipped dart hits Terence.
Terence appears confused.
Found a stone staircase leading down.
Terence seems less confused.
You hit Terence but do no damage. Terence barely misses you.
You closely miss Terence.
Terence is no longer blind.
Terence hits you with a +4 short sword of venom.
You are poisoned.
Throw: 2 darts (atropa)
Press: ? - help, Q - select action, (/) - cycle Shift-Dir - straight line, f/p - Terence
Aim: Terence, wielding a +4 short sword of venom and wearing a +4 chain mail of cold resistance (67% to hit, chance to blind on hit: 100%)
You throw an atropa-tipped dart. The atropa-tipped dart hits Terence.
Terence appears confused.
You feel sick. Terence barely misses you.
You hit Terence but do no damage.
You feel sick.
Terence seems less confused.
Terence closely misses you.
You hit Terence but do no damage.
You feel sick. Terence completely misses you.
You hit Terence but do no damage.
You feel sick. Terence closely misses you. x2
You hit Terence but do no damage.
You feel sick.
Terence is no longer blind.
Terence hits you with a +4 short sword of venom.
You are more poisoned.
Terence attacks as you move away! Terence hits you but does no damage.
You feel very sick. Terence attacks as you move away!
Terence hits you with a +4 short sword of venom.
You are more poisoned.
* * * LOW HITPOINT WARNING * * *
You feel very sick.
It was a potion of mutation.
You feel extremely strange.
Your regeneration stops near monsters.
You die...

..................>...#
#.....####.#..........#
#....## *,,,,..(.....#
#.#.## ****,#.......#
....# #,#.......#
#.#.#########.#.(.....#
.....#..>..##.........#
..#..#.....#####@######
#.............##@#
#.#.8...8...8..#.#
......#...#......#
.....###.###.###.##
......#...#...##..#
#.#.8...8...8.###.#
..#...#†..#...###.#
..##.###.###...##.#
#.#...#...#.......#


You could see Terence.

Vanquished Creatures
  An adder (D:3)
  A dart slug (D:2)
  2 bats
  7 endoplasms
  A giant cockroach (D:2)
  3 goblins (D:1)
  5 hobgoblins
  3 jackals (D:1)
  5 ball pythons
  2 frilled lizards (D:1)
  2 kobolds
  5 rats
  A spectral goblin (D:1)
38 creatures vanquished.

Notes
Turn   | Place    | Note
-------+----------+-------------------------------------------
     0 | D:1      | ketsa the Demonspawn Warper began the quest for the Orb.
     0 | D:1      | Reached XP level 1. HP: 16/16 MP: 3/3
   368 | D:1      | Found a faded altar of an unknown god.
   467 | D:1      | Gained mutation: Your demonic aura sometimes causes spilled
                  | blood to erupt in flames. [demonic ancestry]
   467 | D:1      | Reached XP level 2. HP: 22/22 MP: 5/5
  1425 | D:2      | Reached XP level 3. HP: 23/27 MP: 6/6
  2370 | D:3      | Noticed Terence
  2383 | D:3      | Gained mutation: You do not regenerate when monsters are
                  | visible. [potion of mutation]
  2383 | D:3      | Succumbed to Terence's poison

Illustrated notes

Levels and vault maps discovered:
D:1:      elethiomel_arrival_maze, layout_loops_corners,
          dreamdust_ecumenical_altar_drowned_temple, minmay_tetromino_s2
D:2:      layout_loops_cross
D:3:      layout_loops_cross, ebering_ghost_reflecting_pool,
          minmay_misc_feat_four_crosses, minmay_pentomino_pile, uniq_terence,
          uniq_ijyb

Skill      XL: |  1  2  3 |
---------------+----------+-----
Long Blades    | 2 3 |  3.2
Translocations | 3 |  3.2
Fighting       | |  2.0
Throwing       | |  0.8
Armour         | |  0.8
Dodging        | |  1.7
Spellcasting   | |  2.0

Action                     || total
---------------------------++-------
  Melee: Falchion          ||   160
         Punch             ||     1
  Throw: Dart              ||     2
         Boomerang         ||     1
    Use: Scroll            ||     3
         Potion            ||     1
   Stab: Sleeping          ||     1
 Armour: Leather armour    ||    47
  Dodge: Dodged            ||   111

Table legend: (Time is in decaauts)
 A = Elapsed time spent in this place.
 B = Non-inter-level travel time spent in this place.
 C = Inter-level travel time spent in this place.
 D = Time resting spent in this place.
 E = Time spent auto-exploring this place.
 F = Levels seen in this place.
 G = Mean time per level.
                   A        B        C        D        E       F      G
               +--------+--------+--------+--------+--------+-----+--------+
         Total |   2417 |   2327 |     90 |    236 |   1569 |   3 |  805.7 |
       Dungeon |   2417 |   2327 |     90 |    236 |   1569 |   3 |  805.7 |
               +--------+--------+--------+--------+--------+-----+--------+

Top non-repeatable levels by time:
     D:1: 1324 daAuts
     D:2: 810 daAuts
     D:3: 282 daAuts
